 Dungeon Crawl Stone Soup version 0.27-a0-909-g0721f309d1 (webtiles) character file.

Game seed: 14384679618044975195

18 Maken the Sneak (level 2, 0/26 HPs)
             Began as a Gnoll Wanderer on Apr 9, 2021.
             Slain by a jackal (2 damage)
             ... on level 1 of the Dungeon.
             The game lasted 00:01:22 (252 turns).

Maken the Sneak (Gnoll Wanderer)                     Turns: 252, Time: 00:01:23

Health: 0/26       AC:  6    Str: 10    XL:     2   Next: 66%
Magic:  2/2        EV: 10    Int: 15    God:
Gold:   0          SH:  0    Dex:  8    Spells: 2/2 levels left

rFire    . . .     SeeInvis .   a - +2 dagger
rCold    . . .     Faith    .   (no shield)
rNeg     . . .     Spirit   .   d - +0 ring mail
rPois    .         Reflect  .   (no helmet)
rElec    .         Harm     .   (no cloak)
rCorr    .         Rampage  .   (no gloves)
Will     .....                  (no boots)
Stlth    ++........             (no amulet)
HPRegen  0.08/turn              (no ring)
MPRegen  0.08/turn              (no ring)

@: no status effects
A: fangs 1, strong nose, distributed training
a: no special abilities


You were on level 1 of the Dungeon.
You visited 1 branch of the dungeon, and saw 1 of its levels.

Inventory:

Hand Weapons
 a - a +2 dagger (weapon)
 c - a +0 short sword
Armour
 d - a +0 ring mail (worn)
Scrolls
 e - a scroll of identify {unknown}
 f - a scroll of amnesia {unknown}
Potions
 b - a potion of berserk rage


   Skills:
 + Level 4.5 Fighting
 + Level 4.5 Short Blades
 + Level 0.5 Long Blades
 + Level 0.5 Axes
 + Level 0.5 Maces & Flails
 + Level 0.5 Polearms
 + Level 0.5 Staves
 + Level 0.5 Slings
 + Level 0.5 Bows
 + Level 0.5 Crossbows
 + Level 2.5 Throwing
 + Level 4.5 Armour
 + Level 0.5 Dodging
 + Level 5.9 Stealth
 + Level 0.5 Shields
 + Level 0.5 Unarmed Combat
 + Level 0.5 Spellcasting
 + Level 0.3 Conjurations
 + Level 0.3 Hexes
 + Level 0.3 Summonings
 + Level 0.3 Necromancy
 + Level 0.3 Translocations
 + Level 0.3 Transmutations
 + Level 0.3 Fire Magic
 + Level 0.3 Ice Magic
 + Level 0.3 Air Magic
 + Level 0.3 Earth Magic
 + Level 0.3 Poison Magic
 + Level 0.6 Invocations
 + Level 0.5 Evocations


You had 2 spell levels left.
You didn't know any spells.
Your spell library was empty.

Dungeon Overview and Level Annotations

Branches:
Dungeon (1/15)

Altars:


Innate Abilities, Weirdness & Mutations

You have very sharp teeth.
Your uncanny sense of smell can sniff out nearby items.
Your experience applies equally to all skills.


Message History

The jackal is heavily wounded.
The bat hits you but does no damage. The jackal bites you.
The jackal barely misses you.
The jackal bites you but does no damage.
The rat bites you but does no damage.
You hit the jackal.
The jackal is heavily wounded.
The bat hits you but does no damage. x2; The jackal closely misses you.
The jackal bites you.
The jackal bites you but does no damage.
You closely miss the jackal.
The jackal is heavily wounded.
The bat hits you but does no damage.
The jackal bites you but does no damage. x2
The rat misses you. The jackal closely misses you.
You hit the jackal.
The jackal is severely wounded.
The jackal bites you.
The jackal bites you but does no damage.
The bat closely misses you. The jackal bites you.
* * * LOW HITPOINT WARNING * * *
The rat barely misses you. The jackal bites you.
* * * LOW HITPOINT WARNING * * *
The bat hits you but does no damage. The jackal completely misses you.
The jackal bites you but does no damage.
The bat closely misses you. The jackal bites you.
* * * LOW HITPOINT WARNING * * *
The bat hits you but does no damage. The jackal closely misses you.
The jackal bites you but does no damage.
The jackal closely misses you. The bat hits you but does no damage.
The jackal barely misses you. The bat hits you but does no damage.
You completely miss the bat. The bat completely misses you.
The jackal misses you. The bat hits you.
* * * LOW HITPOINT WARNING * * *
The jackal bites you.
* * * LOW HITPOINT WARNING * * *
The jackal closely misses you. The jackal bites you.
You die...

..........# #.##.# #.
.......†..# #.##.###.
..........# #.##..##.
..........# ∆ #.###.##.
..........# #.# #..#.
..........# ########.# ##.#.
..........##+#........# #.#.
########..rhb(.#####'## #.#.
+...h@..#####.#####...
#######...h...##..#.#..###..
........#####.#.#.#.#.#.##..
.......[+ .#..#...#..##.>
........# ######.....#####.
........####.+.....<.....+..
........#....####.....####..
...........#.##..#...#..#...
....(......#.##.#.#.#.#.#.#.


You could see 3 jackals, a bat and a rat.

Vanquished Creatures
  2 ball pythons (D:1)
  An endoplasm (D:1)
  2 giant cockroaches (D:1)
  A goblin (D:1)
  A hobgoblin (D:1)
  5 jackals (D:1)
  A quokka (D:1)
  A bat (D:1)
14 creatures vanquished.

Notes
Turn   | Place    | Note
-------+----------+-------------------------------------------
     0 | D:1      | Maken the Gnoll Wanderer began the quest for the Orb.
     0 | D:1      | Maken set off with the following items: a +2 dagger, a
                  | potion of berserk rage, a +0 short sword, a +0 ring mail
     0 | D:1      | Reached XP level 1. HP: 20/20 MP: 1/1
    83 | D:1      | Reached XP level 2. HP: 24/26 MP: 2/2
   252 | D:1      | Slain by a jackal

Illustrated notes

Levels and vault maps discovered:
D:1:      nzn_arrival_crosshair, layout_basic, chequers_serial_rivers_large_b,
          st_stairs_9

Action                   || total
-------------------------++-------
Melee: Dagger            ||    57
       Bite              ||     7
 Stab: Sleeping          ||     1
Armor: Ring mail         ||    58
Dodge: Dodged            ||    52

Table legend: (Time is in decaauts)
 A = Elapsed time spent in this place.
 B = Non-inter-level travel time spent in this place.
 C = Inter-level travel time spent in this place.
 D = Time resting spent in this place.
 E = Time spent auto-exploring this place.
 F = Levels seen in this place.
 G = Mean time per level.
                   A        B        C        D        E       F      G
               +--------+--------+--------+--------+--------+-----+--------+
         Total |    239 |    239 |      0 |      0 |    151 |   1 |  239.0 |
       Dungeon |    239 |    239 |      0 |      0 |    151 |   1 |  239.0 |
               +--------+--------+--------+--------+--------+-----+--------+

Top non-repeatable levels by time:
     D:1: 239 daAuts
